 Dungeon Crawl Stone Soup version 0.20-a0-738-gb057e68 (webtiles) character file.

78 Apsaras the Sneak (level 4, -2/30 HPs)
             Began as a Vampire Enchanter on Feb 24, 2017.
             Slain by a worm (11 damage)
             ... on level 2 of the Dungeon.
             The game lasted 00:09:05 (6053 turns).

Apsaras the Sneak (Vampire Enchanter)               Turns: 6053, Time: 00:09:05

Health: -2/30      AC:  3    Str:  7    XL:     4   Next: 15%
Magic:  5/7        EV: 13    Int: 17    God:
Gold:   83         SH:  0    Dex: 15    Spells: 1/7 levels left

rFire    . . .     SeeInvis +   a - +1 dagger
rCold    + + .     Gourm    .   b - +0 robe
rNeg     + + .     Faith    .   (no shield)
rPois    +         Spirit   .   h - +0 helmet
rElec    .         Reflect  .   (no cloak)
rCorr    .         Harm     .   (no gloves)
MR       +....                  (no boots)
Stlth    ++++......             (no amulet)
Regen    0.1/turn               l - ring of protection from magic
MPRegen  0.1/turn               i - ring of protection from cold

@: regenerating slowly
A: fangs 3, see invisible, unbreathing
a: Bat Form


You were on level 2 of the Dungeon.
You were very thirsty.

You visited 1 branch of the dungeon, and saw 2 of its levels.

You collected 83 gold pieces.

Inventory:

Hand Weapons
 a - a +1 dagger (weapon)
Armour
 b - a +0 robe (worn)
 h - a +0 helmet (worn)
Jewellery
 i - a ring of protection from cold (left hand)
 l - a ring of protection from magic (right hand)
Scrolls
 f - a scroll of immolation {unknown}
 g - a scroll of enchant weapon {unknown}
Potions
 d - 2 potions of blood
 e - 2 potions of mutation {unknown}
 j - a potion of might {unknown}
 k - a potion of flight {unknown}
 m - a potion of degeneration {unknown}
Books
 c - a book of Maledictions

   Spells                             Type                      Level
   a - Corona                         Hexes                        1
   b - Ensorcelled Hibernation        Hexes/Ice                    2
   c - Confuse                        Hexes                        3
   d - Tukima's Dance                 Hexes                        3
   e - Dazzling Spray                 Conjuration/Hexes            3


   Skills:
 - Level 2.2 Short Blades
 - Level 2.1 Dodging
 - Level 6.0 Stealth
 - Level 2.0 Spellcasting
 - Level 5.0 Hexes
 + Level 1.4 Ice Magic


You had one spell level left.
You knew the following spells:

 Your Spells              Type           Power        Failure   Level  Hunger
a - Corona                Hex            ###....      2%          1    #......
b - Ensorcelled Hibernat  Hex/Ice        ##....       10%         2    ###....
c - Confuse               Hex            ###.....     10%         3    ###....


Dungeon Overview and Level Annotations

Branches:
Dungeon (2/15)

Altars:


Innate Abilities, Weirdness & Mutations

You heal slowly.
You have razor-sharp teeth.
You have supernaturally acute eyesight. (SInv)
You can survive without breathing.


Message History

Aim: a worm (chance to defeat MR: 51%)
The worm resists with some effort.
Casting: Ensorcelled Hibernation
Confirm with . or Enter, or press ? or * to list all spells.
Aiming: Ensorcelled Hibernation
Press: ? - help, Shift-Dir - straight line, f/p - worm
Aim: a worm (chance to defeat MR: 51%)
The worm resists with some effort.
The worm bites you!
Casting: Ensorcelled Hibernation
Confirm with . or Enter, or press ? or * to list all spells.
Aiming: Ensorcelled Hibernation
Press: ? - help, Shift-Dir - straight line, f/p - worm
Aim: a worm (chance to defeat MR: 51%)
The worm resists with some effort.
The worm bites you!
* * * LOW HITPOINT WARNING * * *
You start resting.
A rat comes into view.
There is a stone staircase leading down here.
You barely miss the worm. The worm bites you!
You die...

....#.####............. #..#
...........##.###......######.###
....#......##.##..........##..#..
#####......#..(..................
#.........#.......#.....###..
#####......#..##....#.#.#....##..
...........#..##..#...#.#....####
...........#...##w#..#....##.###
...............>@.......#.##...#
...................r....#.##.#.##
.....#...........................
##..###.##..###............#.....
#.##...#..####..................
#..##.###.####........#..........
..#... #........#..#.............
....# #.................##......
## #......#......#...##......


You could see a worm and a rat (wandering).

Vanquished Creatures
  2 gnolls (D:1)
  2 adders (D:2)
  2 dart slugs (D:1)
  2 leopard geckos
  4 giant cockroaches
  5 goblins
  7 hobgoblins
  2 bats
  A frilled lizard (D:1)
  6 kobolds
  3 rats
36 creatures vanquished.

Vanquished Creatures (others)
  A kobold (D:1)
1 creature vanquished.

Grand Total: 37 creatures vanquished

Notes
Turn   | Place    | Note
-------+----------+-------------------------------------------
     0 | D:1      | Apsaras the Vampire Enchanter began the quest for the Orb.
     0 | D:1      | Reached XP level 1. HP: 13/13 MP: 3/3
   761 | D:1      | Reached XP level 2. HP: 19/19 MP: 5/5
   765 | D:1      | Learned a level 2 spell: Ensorcelled Hibernation
   988 | D:1      | Reached skill level 5 in Stealth
  1067 | D:1      | Reached XP level 3. HP: 20/24 MP: 3/6
  1068 | D:1      | Reached skill level 6 in Stealth
  5408 | D:1      | Noticed a freezing wraith
  5849 | D:2      | Reached skill level 5 in Hexes
  5854 | D:2      | Learned a level 3 spell: Confuse
  5972 | D:2      | Reached skill level 1 in Ice Magic
  5972 | D:2      | Reached XP level 4. HP: 30/30 MP: 7/7
  6053 | D:2      | Slain by a worm

Vault maps used:
D:1:      minmay_arrival_five_plusses
D:2:      lemuel_coloured_pillars_altar, chequers_ecumenical_altar_simple,
          minmay_misc_feat_plants

Skill      XL: |  1  2  3 |
---------------+----------+-----
Short Blades   | 2 |  2.2
Stealth        | 5 6 |  6.0
Hexes          | 5 |  5.0
Ice Magic      | 1 |  1.4
Dodging        | |  2.1
Spellcasting   | |  2.0

Action                   |  1- 3 |  4- 6 || total
-------------------------+-------+-------++-------
Melee: Dagger            |   123 |     3 ||   126
       Bite              |     7 |       ||     7
 Cast: Corona            |     2 |       ||     2
       Ensorcelled Hiber |     7 |     4 ||    11
  Use: Potion            |     2 |       ||     2
 Stab: Sleeping          |    11 |     2 ||    13
Armor: Robe              |    17 |       ||    17
Dodge: Dodged            |    63 |       ||    63
